 Seeded DCSS version 0.30-a0-476-g330ca2eb8e (webtiles) character file.

Game seed: 16792993399291170163 (custom seed)

13118 purpskrrrp the Marksant (level 12, -6/92 HPs)
             Began as a Formicid Hunter on Dec 22, 2022.
             Was a High Priest of Cheibriados.
             Mangled by a hornet (13 damage)
             ... on level 11 of the Dungeon.
             The game lasted 00:20:11 (9675 turns).

purpskrrrp the Marksant (Formicid Hunter)           Turns: 9675, Time: 00:20:12

Health: -6/92      AC: 11    Str: 36    XL:     12   Next: 28%
Magic:  12/12      EV: 13    Int: 34    God:    Cheibriados [*****.]
Gold:   1109       SH:  5    Dex: 35    Spells: 11/11 levels left

rFire   + + .      SeeInvis +    e - +5 longbow "Fowyx" {vorpal, Int+6}
rCold   . . .      Faith    .    (no shield)
rNeg    + . .      Spirit   .    H - +2 steam dragon scales
rPois   .          Reflect  +    (helmet unavailable)
rElec   .          Harm     .    (no cloak)
rCorr   .          Rampage  .    y - +0 pair of gloves
Will    ++...                    w - +1 pair of boots
Stlth   ++++++....               l - amulet of Ephemeral Luck {Reflect rF++ rN+ Will+ SH+5 SInv}
HPRegen 0.35/turn                i - +6 ring of intelligence
MPRegen 0.13/turn                B - +6 ring of strength

@: lethally poisoned (-6 -> -17), studying Ranged Weapons, very slow
A: permanent stasis, dig shafts and tunnels, antennae 3, four strong arms,
camouflage 1, robust 1, weak 1
a: Dig, Shaft Self, Renounce Religion, Bend Time, Temporal Distortion, Slouch,
Step From Time


You were on level 11 of the Dungeon.
You worshipped Cheibriados.
Cheibriados was extremely pleased with you.
You visited 1 branch of the dungeon, and saw 10 of its levels.
You also visited: Bailey.

You collected 1109 gold pieces.

Inventory:

Hand Weapons
 a - a +1 shortbow
 e - the +5 longbow "Fowyx" (weapon) {vorpal, Int+6}
   (You acquired it on level 2 of the Dungeon)

   Any ammunition fired from it inflicts extra damage upon your enemies.
   Int:       It affects your intelligence (+6).
Missiles
 v - 4 throwing nets
Armour
 c - a +0 leather armour
 w - a +1 pair of boots (worn)
 y - a +0 pair of gloves (worn)
 H - +2 steam dragon scales (worn)
Jewellery
 d - a ring of resist corrosion
 g - a ring of ice
 i - a +6 ring of intelligence (left hand)
 l - the amulet of Ephemeral Luck (around neck) {Reflect rF++ rN+ Will+ SH+5 SInv}
   (You acquired it on level 4 of the Dungeon)

   [amulet of reflection]

   It reflects blocked missile attacks.
   rF:        It greatly protects you from fire.
   rN:        It protects you from negative energy.
   SInv:      It lets you see invisible.
   SH:        It affects your SH (+5).
   Will:      It increases your willpower.
 p - an amulet of guardian spirit
 s - a ring of wizardry
 B - a +6 ring of strength (right hand)
Wands
 z - a wand of acid (4)
 C - a wand of iceblast (26)
 E - a wand of charming (12)
 F - a wand of polymorph (4)
Scrolls
 b - a scroll of immolation
 f - 4 scrolls of noise
 h - 2 scrolls of vulnerability
 j - 6 scrolls of teleportation
 m - 3 scrolls of amnesia
 o - 3 scrolls of poison
 r - 2 scrolls of magic mapping
 t - a scroll of enchant weapon
 D - a scroll of identify
 I - a scroll of silence {unknown}
Potions
 k - 3 potions of might
 q - 3 potions of haste
 u - 3 potions of attraction
 A - a potion of flight


   Skills:
 + Level 4.7 Fighting
 + Level 17.5 Ranged Weapons
 + Level 4.0 Armour
 - Level 1.7 Dodging
 * Level 7.2 Stealth


You had 11 spell levels left.
You didn't know any spells.
Your spell library contained the following spells:

 Spells                   Type           Power      Damage    Failure   Level
 Apportation              Tloc           0%         N/A       8%          1
 Necrotise                Necr           0%         1d4       8%          1
 Summon Small Mammal      Summ           0%         N/A       8%          1
 Ensorcelled Hibernation  Hex/Ice        0%         N/A       11%         2
 Passwall                 Tmut/Erth      0%         N/A       11%         2
 Static Discharge         Conj/Air       0%         2-2/arc   11%         2
 Call Canine Familiar     Summ           0%         N/A       22%         3
 Portal Projectile        Hex/Tloc       0%         N/A       22%         3
 Vhi's Electric Charge    Tloc/Air       0%         N/A       22%         3
 Leda's Liquefaction      Hex/Erth       0%         N/A       58%         4
 Arcjolt                  Conj/Air       0%         1d10      90%         5
 Lightning Bolt           Conj/Air       0%         1d11      90%         5
 Swiftness                Air            Unusable   N/A       N/A         3

Dungeon Overview and Level Annotations

Branches:
Dungeon (11/15)              Lair (0/5) D:8             Orc (0/2) D:9
 Bailey (visited)
 Temple: D:4-7

Altars:
Ashenzari
Cheibriados
Dithmenos
Elyvilon
Fedhas
Gozag
Hepliaklqana
Kikubaaqudgha
Makhleb
Nemelex Xobeh
Okawaru
Ru
Sif Muna
Uskayaw
Yredelemnul
Zin
The Shining One

Shops:
D:5 (?

Annotations:
D:4 1 runed translucent door, NinjaNoafa's ghost, novice GrEE


Innate Abilities, Weirdness & Mutations

You cannot be hasted, slowed, berserked, paralysed or teleported.
You can dig through walls and to a lower floor.
You have a pair of large antennae on your head. (SInv)
Your four strong arms can wield two-handed weapons with a shield.
Your skin changes colour to match your surroundings (Stealth+).
You are robust. (+10% HP)
You are weak. (Str -2)


Message History

You shoot an arrow. The arrow closely misses the hornet.
You block the hornet's attack. The hornet stings you.
Your stasis prevents you from being slowed.
Fire: e) +5 longbow "Fowyx" {vorpal, Int+6}
Press: ? - help, Q - select action, (/) - cycle Shift-Dir - straight line, f/p - hornet
Aim: a hornet (69% to hit)
You shoot an arrow. The arrow hits the hornet!
The hornet is severely wounded.
The hornet closely misses you.
The hornet stings you but does no damage.
The hornet stings you.
* * * LOW HITPOINT WARNING * * *
You are poisoned.
Your stasis prevents you from being slowed.
Fire: e) +5 longbow "Fowyx" {vorpal, Int+6}
Press: ? - help, Q - select action, (/) - cycle Shift-Dir - straight line, f/p - hornet
Aim: a hornet (severely wounded, 69% to hit)
You shoot an arrow. The arrow barely misses the hornet.
You feel sick. The hornet stings you.
* * * LOW HITPOINT WARNING * * *
You are more poisoned.
Your stasis prevents you from being paralysed.
The hornet barely misses you. You block the hornet's attack.
Fire: e) +5 longbow "Fowyx" {vorpal, Int+6}
Press: ? - help, Q - select action, (/) - cycle Shift-Dir - straight line, f/p - hornet
Aim: a hornet (severely wounded, 69% to hit)
You shoot an arrow. The arrow barely misses the hornet.
You feel very sick.
The hornet stings you but does no damage.
The hornet stings you!
* * * LOW HITPOINT WARNING * * *
Your stasis prevents you from being slowed.
Okay, then.
As you read the scroll labelled DISOKAANEP, it crumbles to dust.
The scroll dissolves into smoke.
It was a scroll of fog.
* * * LOW HITPOINT WARNING * * *
You feel sick.
The hornet stings you but does no damage.
The hornet completely misses you. The hornet stings you!
You die...

#################################
.................................
.........######..................
.........######...........#######
.................................
.<......................<........
####..#########§§§...............
####..##### ##@####............
.........<# #..y§y..###..........
.........##....§......##.........
.........#.....###.†...#.........
.........#...## ##...########..
.........#.## ##.########..
.........# #......... .........#
{ #........) .........# {
#........#


You could see 2 hornets.

Vanquished Creatures
  Harold (D:9)
  Erica (D:9)
  2 two-headed ogres
  An orc knight (Bailey)
  An orc sorcerer (D:11)
  Maggie (D:9)
  2 unseen horrors
  A komodo dragon (D:9)
  A troll (D:11)
  4 hornets (D:11)
  Prince Ribbit (D:9)
  A wyvern (D:8)
  2 wraiths
  16 yaks
  2 basilisks (D:8)
  A steam dragon (D:8)
  An acid dragon (D:11)
  2 water moccasins
  A floating eye (D:11)
  6 orc warriors
  A sky beast (D:8)
  2 ice beasts (D:8)
  A black bear (D:5)
  6 centaurs
  An ogre (D:4)
  A phantom (D:5)
  2 bullfrogs
  7 kobold brigands
  7 wights
  9 killer bees (D:9)
  8 howler monkeys
  A hound (D:6)
  2 jellies
  10 orc priests
  Jessica (D:3)
  2 iguanas (D:5)
  5 orc wizards
  Robin (D:4)
  9 gnolls
  9 adders
  An ufetubus (D:4)
  2 worms (D:2)
  25 orcs
  8 ball pythons
  4 bats
  6 endoplasms
  2 giant cockroaches (D:2)
  14 goblins
  11 hobgoblins
  5 jackals
  5 quokkas
  2 frilled lizards
  22 kobolds
  2 rats (D:1)
242 creatures vanquished.

Vanquished Creatures (others)
  A fungus (D:8)
1 creature vanquished.

Grand Total: 243 creatures vanquished

Notes
Turn   | Place    | Note
-------+----------+-------------------------------------------
     0 | D:1      | purpskrrrp the Formicid Hunter began the quest for the Orb.
     0 | D:1      | Reached XP level 1. HP: 16/16 MP: 1/1
   127 | D:1      | Reached XP level 2. HP: 22/22 MP: 2/2
   602 | D:1      | Reached XP level 3. HP: 27/27 MP: 3/3
  1022 | D:2      | Reached skill level 5 in Ranged Weapons
  1039 | D:2      | Identified a scroll of acquirement
  1039 | D:2      | Acquired the +5 longbow "Fowyx" {vorpal, Int+6}
  1116 | D:2      | Reached XP level 4. HP: 33/33 MP: 4/4
  1538 | D:2      | Found a faded altar of an unknown god.
  1638 | D:2      | Prayed at the altar of an unknown god.
  1638 | D:2      | Became a worshipper of Cheibriados the Contemplative
  1638 | D:2      | Reached * piety under Cheibriados
  1904 | D:3      | Noticed Jessica
  1905 | D:3      | Killed Jessica
  1906 | D:3      | Reached skill level 6 in Ranged Weapons
  1906 | D:3      | Reached XP level 5. HP: 38/38 MP: 5/5
  2615 | D:3      | Found a shadowy altar of Dithmenos.
  2619 | D:3      | Found an ancient bone altar of Kikubaaqudgha.
  2619 | D:3      | Found an iron altar of Okawaru.
  2627 | D:3      | Found a sparkling altar of Nemelex Xobeh.
  2630 | D:3      | Found a hide-covered altar of Uskayaw.
  2797 | D:4      | Reached XP level 6. HP: 44/44 MP: 6/6
  3011 | D:4      | Noticed an ogre
  3013 | D:4      | Killed an ogre
  3014 | D:4      | Reached skill level 7 in Ranged Weapons
  3030 | D:4      | Found a basalt altar of Yredelemnul.
  3168 | D:4      | Found a runed translucent door.
  3168 | D:4      | Noticed NinjaNoafa's ghost (novice GrEE)
  3306 | D:4      | Noticed Robin
  3307 | D:4      | Reached ** piety under Cheibriados
  3317 | D:4      | Killed Robin
  3521 | D:4      | Acquired the amulet of Ephemeral Luck {Reflect rF++ rN+
                  | Will+ SH+5 SInv}
  3597 | D:5      | Entered Level 5 of the Dungeon
  3597 | D:5      | Found Utyak's Magic Scroll Emporium.
  3631 | D:5      | Reached XP level 7. HP: 50/50 MP: 7/7
  3634 | D:5      | Reached skill level 8 in Ranged Weapons
  3734 | D:5      | Found Toxkas's Antique Weapon Shop.
  3874 | D:5      | Reached skill level 9 in Ranged Weapons
  4018 | D:5      | Reached *** piety under Cheibriados
  4019 | D:5      | Reached XP level 8. HP: 56/56 MP: 8/8
  4566 | D:6      | Reached skill level 10 in Ranged Weapons
  4791 | D:6      | You fall into a shaft and drop 2 floors!
  4867 | D:8      | Found a flagged portal.
  4895 | Bailey   | Entered a bailey
  4925 | Bailey   | Reached skill level 11 in Ranged Weapons
  4971 | Bailey   | Reached **** piety under Cheibriados
  5123 | Bailey   | Noticed an orc knight
  5137 | Bailey   | Killed an orc knight
  5138 | Bailey   | Reached skill level 12 in Ranged Weapons
  5138 | Bailey   | Reached XP level 9. HP: 21/61 MP: 9/9
  5437 | Bailey   | Found a burning altar of Makhleb.
  5776 | D:8      | Reached skill level 13 in Ranged Weapons
  5992 | D:8      | Reached XP level 10. HP: 59/67 MP: 10/10
  6016 | D:8      | Found a staircase to the Lair.
  6049 | D:8      | Found a sacrificial altar of Ru.
  6319 | D:8      | Reached skill level 14 in Ranged Weapons
  6592 | D:9      | Noticed Prince Ribbit
  6592 | D:9      | Noticed Maggie
  6603 | D:9      | Killed Prince Ribbit
  6606 | D:9      | Killed Maggie
  6835 | D:9      | Found a staircase to the Orcish Mines.
  6877 | D:9      | Reached skill level 15 in Ranged Weapons
  6910 | D:9      | Found an opulent altar of Gozag.
  6911 | D:9      | Noticed a two-headed ogre
  6917 | D:9      | Killed a two-headed ogre
  7001 | D:9      | Reached ***** piety under Cheibriados
  7128 | D:9      | HP: 3/67 [poisoned by a killer bee]
  7184 | D:9      | Noticed a komodo dragon
  7315 | D:9      | Killed a komodo dragon
  7316 | D:9      | Reached XP level 11. HP: 72/72 MP: 11/11
  7335 | D:9      | Found a hazy altar of Hepliaklqana.
  7336 | D:9      | Noticed Erica
  7346 | D:9      | Killed Erica
  7347 | D:9      | Reached skill level 16 in Ranged Weapons
  7520 | D:9      | Found a broken altar of Ashenzari.
  7520 | D:9      | Found a faded altar of an unknown god.
  7528 | D:9      | Found a shimmering blue altar of Sif Muna.
  7530 | D:9      | Found a faded altar of an unknown god.
  7532 | D:9      | Found a snail-covered altar of Cheibriados.
  7692 | D:9      | You fall into a shaft and drop 1 floor!
  7692 | D:10     | Entered Level 10 of the Dungeon
  8027 | D:9      | Noticed Harold
  8032 | D:9      | Killed Harold
  8099 | D:9      | Reached skill level 17 in Ranged Weapons
  8148 | D:9      | Gained mutation: You are robust. (+10% HP) [potion of
                  | mutation]
  8148 | D:9      | Gained mutation: You are weak. (Str -2) [potion of
                  | mutation]
  8148 | D:9      | Gained mutation: Your skin changes colour to match your
                  | surroundings (Stealth+). [potion of mutation]
  8250 | D:10     | Noticed a two-headed ogre
  8266 | D:10     | Killed a two-headed ogre
  8267 | D:10     | Reached skill level 1 in Armour
  8343 | D:10     | Found a blossoming altar of Fedhas.
  8401 | D:10     | Reached skill level 5 in Stealth
  8552 | D:10     | Found a burning altar of Makhleb.
  8658 | D:10     | Found a white marble altar of Elyvilon.
  8658 | D:10     | Found a glowing silver altar of Zin.
  8658 | D:10     | Found a glowing golden altar of the Shining One.
  9024 | D:11     | Reached XP level 12. HP: 45/91 MP: 12/12
  9257 | D:11     | Acquired a manual of Ranged Weapons
  9675 | D:11     | Mangled by a hornet

Illustrated notes

Levels and vault maps discovered:
D:1:      lemuel_arrival_tunnels, layout_basic
D:2:      layout_basic, nicolae_ecumenical_lake_church, serial_forest,
          infiniplex_forest_clump_small, infiniplex_forest_clump_small,
          infiniplex_forest_straight_3, infiniplex_forest_straight_1,
          infiniplex_forest_lined_2
D:3:      layout_loops_corners, minmay_overflow_temple_star_hex, uniq_jessica
D:4:      layout_basic, yredelemnul_altar_generic, gammafunk_ghost_grave,
          uniq_robin
D:5:      layout_gridville, serial_shops, kennysheep_mini, abandoned_shop,
          nicolae_stop_n_shop_1
D:6:      layout_basic
D:8:      layout_basic, mainiacjoe_overflow_24_doors, david_lair_generic,
          lightli_bailey_entry_fortress
D:9:      layout_stronghold, chequers_temple_overflow_minitemple,
          mainiacjoe_overflow_divided_tiny, minmay_orc_entry_temple_small,
          grunt_decor_junction, eino_jars, uniq_prince_ribbit1, uniq_harold,
          uniq_maggie, uniq_erica
D:10:     layout_loops_ring, dreamdust_divine_triumvirate, fedhas_altar_2,
          serial_glass, glass_columns_c, glass_columns_a, glass_columns_c,
          glass_columns_a, glass_columns_c, glass_columns_b, glass_columns_c,
          glass_columns_a, nrook_loot_triangle, david_defended_altar_orc
D:11:     hellmonk_paralyzer, layout_long_grid

Skill      XL: |  1  2  3  4  5  6  7  8  9 10 11 12 |
---------------+-------------------------------------+-----
Ranged Weapons | 5 6 7 9 12 13 15 17 | 17.5
Armour         | 2 4 |  4.0
Stealth        | 5 7 |  7.2
Fighting       | 3 4 |  4.7
Dodging        | |  1.7

Action                   |  1- 3 |  4- 6 |  7- 9 | 10-12 || total
-------------------------+-------+-------+-------+-------++-------
 Fire: Shortbow          |    59 |       |       |       ||    59
       Longbow           |    10 |    91 |   157 |   261 ||   519
 Abil: Shaft Self        |       |       |       |     1 ||     1
  Use: Scroll            |     5 |     5 |     7 |     4 ||    21
       Potion            |       |       |     1 |     5 ||     6
Armor: Leather armour    |    12 |     9 |    13 |    16 ||    50
       Steam dragon scal |       |       |       |    18 ||    18
Dodge: Dodged            |    11 |    24 |    25 |    98 ||   158
Block: Other             |       |       |    20 |    33 ||    53
       Reflection        |       |       |     4 |     5 ||     9

Table legend: (Time is in decaauts)
 A = Elapsed time spent in this place.
 B = Non-inter-level travel time spent in this place.
 C = Inter-level travel time spent in this place.
 D = Time resting spent in this place.
 E = Time spent auto-exploring this place.
 F = Levels seen in this place.
 G = Mean time per level.
                   A        B        C        D        E       F      G
               +--------+--------+--------+--------+--------+-----+--------+
         Total |  13152 |  12415 |    737 |   1638 |   9111 |  11 | 1195.6 |
       Dungeon |  12275 |  11538 |    737 |   1064 |   8922 |  10 | 1227.5 |
        Bailey |    876 |    876 |      0 |    574 |    189 |   1 |  876.0 |
               +--------+--------+--------+--------+--------+-----+--------+

Top non-repeatable levels by time:
     D:9: 2180 daAuts
     D:8: 1491 daAuts
    D:10: 1393 daAuts
     D:3: 1190 daAuts
    D:11: 1169 daAuts
     D:4: 1160 daAuts
     D:5: 1035 daAuts
     D:1: 1004 daAuts
     D:2: 950 daAuts
  Bailey: 876 daAuts
     D:6: 698 daAuts
